Construct Section Command Post
Selects Air and Sea Battlegroup
Construct Platoon Command Post
6-pounder Anti-tank Gun Team
Selects Commando Section Paradrop
Selects Commando Support Section Paradrop
Unlock M3 Stuart Light Tanks
Commando Section Paradrop
Construct Company Command Post
Selects Anti-tank Rocket Loiter
Unlock Bishop Self-propelled Artillery
Unlock Towed 17-pounder Anti-tank Guns
17-pounder Anti-tank Gun Team
Selects Naval Bombardment
Commando Support Section Paradrop
Bishop Self-propelled Artillery